 Dungeon Crawl Stone Soup version 0.24.0-37-gcf1ca852f1 (webtiles) character file.

Game seed: 17785855068468287821, levelgen mode: deterministic

880007 Bodigarde the Conqueror (level 27, -2/245 HPs)
             Began as a Hill Orc Fighter on Nov 22, 2019.
             Was the Champion of the Shining One.
             Killed from afar by a Brimstone Fiend (47 damage)
             ... with damnation
             ... in Pandemonium on Dec 4, 2019.
             The game lasted 07:00:59 (104632 turns).

Bodigarde the Conqueror (Hill Orc Fighter)        Turns: 104632, Time: 07:01:00

Health: -2/245     AC: 43    Str: 28 (29) XL:     27
Magic:  0/35       EV: 13    Int:  9      God:    the Shining One [******]
Gold:   4906       SH: 27    Dex: 10      Spells: 32/37 levels left

rFire    + + .     SeeInvis +   a - +9 broad axe (holy)
rCold    + . .     Gourm    .   R - +0 large shield of a Labyrinth {rElec rF+ Str-4 Stlth+}
rNeg     + + +     Faith    .   A - +12 gold dragon scales
rPois    +         Spirit   +   D - +2 hat {Int+3}
rElec    +         Reflect  .   q - scarf {Spirit}
rCorr    +         Harm     .   i - +2 pair of gloves {Str+3}
MR       +++++     Clarity  +   J - +2 pair of boots
Stlth    ..........             V - amulet of the Four Winds {rN+ MR+++ Clar}
HPRegen  0.50/turn              l - ring "Ziecij" {rF- rCorr Slay+6 Stlth+}
MPRegen  0.24/turn              d - ring "Ekkiwui" {Wiz rPois rF+ SInv}

@: glowing
A: berserk 1, blurry vision 1, deformed body, deterioration 1, dopey 1, frail 1,
low mp 1, screaming 1, weak 1
}: 7/15 runes: decaying, slimy, silver, abyssal, demonic, fiery, gossamer
a: Divine Shield, Cleansing Flame, Summon Divine Warrior, Renounce Religion


You were in Pandemonium.
You worshipped the Shining One.
The Shining One was exalted by your worship.
You were near starving.

You visited 13 branches of the dungeon, and saw 58 of its levels.
You visited Pandemonium 3 times, and saw 8 of its levels.
You visited the Abyss 3 times.
You also visited: Trove, Sewer, Ice Cave and Desolation.

You collected 9752 gold pieces.
You spent 4846 gold pieces at shops.

Inventory:

Hand Weapons
 a - a +9 broad axe of holy wrath (weapon)
 b - a +9 broad axe of chopping
Missiles
 g - 40 boomerangs (quivered)
 X - 2 throwing nets
Armour
 i - a +2 pair of gloves of strength (worn)
 q - a scarf of spirit shield (worn)
 A - +12 gold dragon scales (worn)
 D - a +2 hat of intelligence (worn)
 J - a +2 pair of boots (worn)
 R - the +0 large shield of a Labyrinth (worn) {rElec rF+ Str-4 Stlth+}
   (You acquired it on level 2 of the Depths)

   It affects your strength (-4).
   It protects you from fire.
   It insulates you from electricity.
   It makes you more stealthy.
Jewellery
 d - the ring "Ekkiwui" (right hand) {Wiz rPois rF+ SInv}
   (You bought it in a shop on level 2 of the Depths)

   [ring of wizardry]

   It improves your spell success rate.
   It protects you from fire.
   It protects you from poison.
   It lets you see invisible.
 l - the ring "Ziecij" (left hand) {rF- rCorr Slay+6 Stlth+}
   (You found it in an ice cave)

   [ring of resist corrosion]

   It affects your accuracy and damage with ranged weapons and melee attacks
   (+6).
   It makes you vulnerable to fire.
   It provides partial protection from all sources of acid and corrosion.
   It makes you more stealthy.
 r - a +3 ring of dexterity
 u - the ring "Buiquh" {+Fly rN+}
   (You took it off a vault guard on level 5 of the Vaults)

   [ring of positive energy]

   It protects you from negative energy.
   It lets you fly.
 E - an uncursed ring of protection from cold
 V - the amulet of the Four Winds (around neck) {rN+ MR+++ Clar}
   (You bought it in a shop on level 4 of the Vaults)

   [amulet of nothing]

   It protects you from negative energy.
   It affects your resistance to hostile enchantments.
   It protects you against confusion.
Wands
 c - a wand of scattershot (3)
 m - a wand of digging (7)
 t - a wand of acid (18)
 w - a wand of iceblast (5)
 B - a wand of paralysis (17)
Scrolls
 e - a scroll of acquirement
 h - 29 scrolls of teleportation
 j - 13 scrolls of magic mapping
 y - 15 scrolls of fear
 z - 8 scrolls of blinking
 O - 32 scrolls of remove curse
 Q - 12 scrolls of fog
 S - 18 scrolls of identify
 T - 4 scrolls of silence
 Z - a scroll of summoning
Potions
 k - 10 potions of ambrosia
 n - 6 potions of might
 o - a potion of magic
 p - 28 potions of curing
 x - 6 potions of agility
 F - 15 potions of flight
 H - a potion of resistance
 I - 5 potions of haste
 L - 10 potions of heal wounds
 P - 12 potions of mutation
 U - 6 potions of cancellation
Miscellaneous
 s - a lamp of fire
 v - a phantom mirror
 G - a fan of gales
 N - a phial of floods (inert)
 W - a lightning rod (4/4)
Comestibles
 f - 53 rations


   Skills:
 O Level 27 Fighting
 + Level 25.9 Axes
 O Level 27 Armour
 + Level 14.7 Dodging
 O Level 27 Shields
 - Level 5.9 Spellcasting
 - Level 6.1 Charms
 - Level 6.4 Translocations
 - Level 5.5 Air Magic
 + Level 23.9 Invocations


You had 32 spell levels left.
You knew the following spells:

 Your Spells              Type           Power        Failure   Level  Hunger
a - Apportation           Tloc           ##....       4%          1    None
b - Swiftness             Chrm/Air       ##......     8%          2    ##.....
c - Blink                 Tloc           N/A          6%          2    ##.....

Your spell library contained the following spells:

 Spells                   Type           Power        Failure   Level  Hunger
 Infusion                 Chrm           ##..         4%          1    None
 Shroud of Golubria       Chrm/Tloc      ##....       6%          2    ##.....
 Song of Slaying          Chrm           ##......     6%          2    ##.....
 Gell's Gravitas          Tloc           ##........   12%         3    ###....
 Lesser Beckoning         Tloc           ##........   12%         3    ###....
 Teleport Other           Tloc           ##......     12%         3    ###....
 Shock                    Conj/Air       #...         16%         1    None
 Poisonous Vapours        Pois/Air       #.....       26%         2    ##.....
 Passage of Golubria      Tloc           N/A          34%         4    ####...
 Portal Projectile        Hex/Tloc       #.....       38%         3    ###....
 Regeneration             Chrm/Necr      #.........   38%         3    ###....
 Spectral Weapon          Hex/Chrm       #.......     38%         3    ###....
 Static Discharge         Conj/Air       #.......     43%         3    ###....
 Animate Skeleton         Necr           N/A          45%         1    None
 Beastly Appendage        Tmut           #.....       45%         1    None
 Confusing Touch          Hex            #.....       45%         1    None
 Corona                   Hex            #......      45%         1    None
 Flame Tongue             Conj/Fire      #....        45%         1    None
 Magic Dart               Conj           #...         45%         1    None
 Sandblast                Erth           #.....       45%         1    None
 Sting                    Conj/Pois      #...         45%         1    None
 Summon Butterflies       Summ           #.......     45%         1    None
 Summon Small Mammal      Summ           #...         45%         1    None
 Airstrike                Air            ##........   45%         4    ####...
 Mephitic Cloud           Conj/Pois/Air  #.......     56%         3    ###....
 Call Imp                 Summ           #.......     58%         2    ##.....
 Corpse Rot               Necr           N/A          58%         2    ##.....
 Ensorcelled Hibernation  Hex/Ice        #.....       58%         2    ##.....
 Passwall                 Tmut/Erth      #.......     58%         2    ##.....
 Searing Ray              Conj           #.....       58%         2    ##.....
 Slow                     Hex            #.......     58%         2    ##.....
 Sticks to Snakes         Tmut           #.......     58%         2    ##.....
 Sublimation of Blood     Necr           #.........   58%         2    ##.....
 Throw Flame              Conj/Fire      #.....       58%         2    ##.....
 Force Lance              Conj/Tloc      #.......     77%         4    ####...
 Call Canine Familiar     Summ           #.......     80%         3    ###....
 Confuse                  Hex            #.......     80%         3    ###....
 Conjure Flame            Conj/Fire      #.......     80%         3    ###....
 Dazzling Spray           Conj/Hex       #.....       80%         3    ###....
 Ignite Poison            Fire/Tmut/Pois #.......     80%         3    ###....
 Inner Flame              Hex/Fire       #.......     80%         3    ###....
 Spider Form              Tmut/Pois      #.........   80%         3    ###....
 Stone Arrow              Conj/Erth      #.....       80%         3    ###....
 Summon Guardian Golem    Hex/Summ       #.......     80%         3    ###....
 Tukima's Dance           Hex            #.......     80%         3    ###....
 Summon Lightning Spire   Summ/Air       #.......     82%         4    ####...
 Excruciating Wounds      Chrm/Necr      #.........   98%         5    ######.
 Iskenderun's Battlesphe  Conj/Chrm      #.......     98%         5    ######.
 Lightning Bolt           Conj/Air       #.........   98%         5    ######.
 Silence                  Hex/Air        #.........   98%         5    ######.
 Cause Fear               Hex            #.........   99%         4    ####...
 Fulminant Prism          Conj/Hex       #.........   99%         4    ####...
 Ice Form                 Ice/Tmut       #.......     99%         4    ####...
 Iskenderun's Mystic Bla  Conj           #.......     99%         4    ####...
 Leda's Liquefaction      Hex/Erth       #.........   99%         4    ####...
 Olgreb's Toxic Radiance  Pois           #.......     99%         4    ####...
 Petrify                  Tmut/Erth      #.......     99%         4    ####...
 Sticky Flame             Conj/Fire      #.......     99%         4    ####...
 Summon Ice Beast         Ice/Summ       #.......     99%         4    ####...
 Deflect Missiles         Chrm/Air       ##........   99%         6    #######
 Dispersal                Tloc           ##........   99%         6    #######
 Agony                    Necr           #.......     100%        5    ######.
 Alistair's Intoxication  Tmut/Pois      #.......     100%        5    ######.
 Aura of Abjuration       Summ           #.........   100%        5    ######.
 Blade Hands              Tmut           #.........   100%        5    ######.
 Bolt of Draining         Conj/Necr      #.........   100%        5    ######.
 Bolt of Magma            Conj/Fire/Erth #.........   100%        5    ######.
 Borgnjor's Vile Clutch   Necr/Erth      #.........   100%        5    ######.
 Dispel Undead            Necr           #.......     100%        5    ######.
 Fireball                 Conj/Fire      #.........   100%        5    ######.
 Irradiate                Conj/Tmut      #.........   100%        5    ######.
 Lee's Rapid Deconstruct  Erth           #.........   100%        5    ######.
 Metabolic Englaciation   Hex/Ice        #.........   100%        5    ######.
 Summon Mana Viper        Hex/Summ       #.......     100%        5    ######.
 Venom Bolt               Conj/Pois      #.........   100%        5    ######.
 Yara's Violent Unravell  Hex/Tmut       #.........   100%        5    ######.
 Bolt of Cold             Conj/Ice       #.........   100%        6    #######
 Bolt of Fire             Conj/Fire      #.........   100%        6    #######
 Conjure Ball Lightning   Conj/Air       #.........   100%        6    #######
 Darkness                 Hex            #.........   100%        6    #######
 Freezing Cloud           Conj/Ice/Air   #.........   100%        6    #######
 Hydra Form               Tmut           #.........   100%        6    #######
 Invisibility             Hex            #.......     100%        6    #######
 Iron Shot                Conj/Erth      #.........   100%        6    #######
 Ozocubu's Refrigeration  Ice            #.........   100%        6    #######
 Shadow Creatures         Summ           N/A          100%        6    #######
 Simulacrum               Ice/Necr       #.........   100%        6    #######
 Statue Form              Tmut/Erth      #........    100%        6    #######
 Dragon Form              Tmut           #.........   100%        7    #######
 Haunt                    Necr/Summ      #.........   100%        7    #######
 Malign Gateway           Summ/Tloc      #.........   100%        7    #######
 Monstrous Menagerie      Summ           #.........   100%        7    #######
 Orb of Destruction       Conj           #.........   100%        7    #######
 Ring of Flames           Chrm/Fire      #.........   100%        7    #######
 Spellforged Servitor     Conj/Summ      #.........   100%        7    #######
 Summon Greater Demon     Summ           #.........   100%        7    #######
 Summon Hydra             Summ           #.........   100%        7    #######
 Borgnjor's Revivificati  Necr           #.........   100%        8    #######
 Controlled Blink         Tloc           N/A          100%        8    #######
 Death's Door             Chrm/Necr      #.........   100%        8    #######
 Discord                  Hex            #.........   100%        8    #######
 Disjunction              Tloc           ##........   100%        8    #######
 Ignition                 Fire           #.........   100%        8    #######
 Infestation              Necr           #.........   100%        8    #######
 Necromutation            Tmut/Necr      #.........   100%        8    #######
 Summon Horrible Things   Summ           #.........   100%        8    #######
 Shatter                  Erth           #.........   100%        9    #######
 Tornado                  Air            ##........   100%        9    #######


Dungeon Overview and Level Annotations

Branches:
Dungeon (15/15)            Temple (1/1) D:4            Lair (6/6) D:9
  Swamp (4/4) Lair:4       Spider (4/4) Lair:2        Slime (5/5) Lair:5
    Orc (2/2) D:12            Elf (3/3) Orc:2        Vaults (5/5) D:13
  Crypt (3/3) Vaults:2       Tomb (0/3) Crypt:3      Depths (5/5) D:15
   Hell (visited)             Dis (0/7) Hell            Geh (0/7) Hell
    Coc (0/7) Hell            Tar (0/7) Hell            Zot (4/5) Depths:5
  Sewer (visited)           IceCv (visited)         Desolation (visited)

Altars:
Ashenzari
Cheibriados
Dithmenos
Elyvilon
Fedhas
Gozag
Hepliaklqana
Kikubaaqudgha
Makhleb
Nemelex Xobeh
Okawaru
Qazlal
Ru
Sif Muna
Trog
Uskayaw
Vehumet
Wu Jian
Xom
Yredelemnul
Zin
The Shining One

Shops:
D:4 *=?}   D:5 =   Orc:2 ((*[   Elf:1 [!=*   Elf:3 [   Vaults:1 [   Vaults:2 :
Vaults:3 [   Vaults:4 %?=}=   Depths:2 ==}   Depths:4 (

Portals:
Hell: Depths:1 Depths:2 Depths:3 Depths:4 Depths:5
Abyss: Depths:4
Pandemonium: Depths:3 Depths:4
Ziggurat: Depths:3

Annotations:
Zot:2 3 runed translucent doors, Veivasch's ghost, veteran CeHu
Zot:4 1 exclusion


Innate Abilities, Weirdness & Mutations

You tend to lose your temper in combat.
Scrolls take you a little longer to read.
Armour fits poorly on your strangely shaped body.
Your body sometimes deteriorates upon taking damage.
You are dopey. (Int -2)
You are frail. (-10% HP)
Your magical capacity is low. (-10% MP)
You occasionally shout uncontrollably at your foes.
You are weak. (Str -2)


Message History

t - Shout!
Orders for allies: a - Attack new target. p - Attack previous target. r - Retreat! s - Stop attacking. g - Guard the area. f - Follow me.
Anything else - Cancel.
Gang up on whom?
Press: ? - help, Dir - move target cursor, f/p - Brimstone Fiend
Aim: a Brimstone Fiend (haloed) Attack!
Your daeva twists and deforms.
Your daeva blocks the Brimstone Fiend's attack. x2
The Brimstone Fiend hits your daeva but does no damage.
Your daeva calls down the wrath of the Shining One upon the Brimstone Fiend.
The Brimstone Fiend is smitten.
Unknown command.
The Brimstone Fiend gestures at you.
The sphere of damnation explodes!
The damnation engulfs your daeva!!
The damnation engulfs the Brimstone Fiend.
The Brimstone Fiend completely resists.
The damnation engulfs you!!!
You die...

...............................##
...............................#.
....#####......................'.
....#...#......................#.
....'...#............4.........#.
##..#...#............2.........#.
#..#...#..#####1....#####.....##
#..'...#..# #A....# ###.....
#..#####..# #@....# #.....
#....^....# #.....# #.....
#.........# #.....# #.....
########### ####### ######


You could see a Brimstone Fiend, a cacodemon, an orange demon and a friendly
daeva.

Vanquished Creatures
  the Royal Jelly (Slime:5)
  2 orbs of fire
  7 pandemonium lords (Pan)
  4 ancient liches
  Sojobo (Depths:5)
  Boris (Crypt:2)
  A Killer Klown (Zot:1)
  2 curse toes
  4 golden dragons
  Geryon (Hell)
  Saint Roka (Crypt:2)
  Jory (Crypt:1)
  13 Brimstone Fiends (Pan)
  8 bone dragons
  5 Tzitzimimeh (Pan)
  4 liches
  7 Hell Sentinels (Pan)
  12 tentacled monstrosities
  2 Ice Fiends (Pan)
  12 quicksilver dragons
  A deep elf blademaster (Elf:3)
  3 titans
  18 Executioners
  13 acid blobs
  3 sphinxes
  9 death cobs
  6 ancient champions
  15 tentacled starspawn
  9 shadow dragons
  11 azure jellies (Slime:5)
  9 storm dragons
  5 draconian monks
  7 tengu reavers
  2 revenants
  3 frost giants
  An imperial myrmidon (Desolation)
  2 fire giants
  5 blood saints (Pan)
  30 balrugs (Pan)
  5 deep elf sorcerers
  6 draconian knights
  7 vault wardens
  8 ghost moths
  4 emperor scorpions
  Aizul (Swamp:3)
  7 warmongers (Pan)
  4 draconian scorchers
  4 ghouls
  An angel (Abyss:3)
  A curse skull (Crypt:3)
  15 cacodemons (Pan)
  6 draconian annihilators
  8 reapers
  5 deep elf elementalists
  7 ironheart preservers
  6 draconian shifters
  6 draconian stormcallers
  28 very ugly things
  5 war gargoyles
  16 stone giants
  11 green draconians
  3 entropy weavers
  3 deep elf demonologists
  16 black suns (Pan)
  12 yellow draconians
  9 black draconians
  3 corrupters (Pan)
  12 vampire knights
  12 white draconians
  6 deep elf annihilators (Elf:3)
  2 halazid warlocks (Desolation)
  11 red draconians
  11 lorocyprocas
  5 spark wasps
  9 deep elf death magi
  30 purple draconians
  3 eidola
  14 blizzard demons
  The ghost of Luam the Spear-Bearer, a journeyman OpFi of Cheibriados (Lair:5)
  Snorg (D:12)
  4 death oozes (Slime:5)
  17 ettins
  7 great orbs of eyes
  7 yaktaur captains
  5 green deaths
  A merfolk impaler (Depths:3)
  3 deep elf high priests (Elf:3)
  6 fire dragons
  Josephine (D:12)
  6 ragged hierophants (Desolation)
  3 crystal guardians
  2 quicksilver dragon zombies (Crypt:3)
  11 ice dragons
  5 monstrous demonspawn (Pan)
  Erolcha (D:10)
  2 naga warriors (Abyss:3)
  9 rakshasas
  4 hydras
  Harold (D:11)
  2 servants of whispers (Desolation)
  8 jiangshi
  22 vault guards
  6 peacekeepers (Desolation)
  2 spriggan air magi (Depths:5)
  3 death knights
  A satyr (shapeshifter) (Vaults:1)
  A hell beast (Pan)
  3 centaur warriors
  38 two-headed ogres
  12 ogre magi
  A ghost crab (Swamp:3)
  2 alligators
  15 dancing weapons
  9 deep troll shamans
  9 vampire magi
  3 deep troll earth magi
  Urug (D:10)
  An orc high priest (Elf:1)
  3 spriggan berserkers
  39 thrashing horrors
  A titan zombie (Crypt:3)
  2 tengu warriors (Depths:1)
  6 holy swine (Pan)
  Nergalle (D:12)
  6 hell hogs
  20 deep elf knights
  62 sun demons
  2 iron golems (Hell)
  2 storm dragon zombies (Crypt:2)
  19 wretched stars
  38 soul eaters
  2 iron trolls (Depths:2)
  19 sixfirhies
  5 shadow wraiths
  3 spatial maelstroms
  26 hell knights
  52 skeletal warriors
  A death drake (Abyss:3)
  A ghost moth zombie (Crypt:3)
  4 glowing orange brains
  6 torturous demonspawn
  A sea snake (Lair:6)
  18 deep trolls
  An iron giant zombie (Crypt:2)
  A storm dragon skeleton (Abyss:2)
  2 swamp dragons (Swamp:4)
  15 shadow demons (Pan)
  14 flayed ghosts
  93 starcursed masses
  2 anaconda zombies
  10 gelid demonspawn
  A golden dragon skeleton (Abyss:3)
  Pikel (D:7)
  9 infernal demonspawn (Pan)
  A shadow dragon zombie (Crypt:1)
  13 deep elf archers
  A harpy (Depths:1)
  4 necromancers
  4 anaconda skeletons
  12 ironbrand convokers
  2 cyclopes
  12 phantasmal warriors
  7 orb spiders
  12 wolf spiders
  14 orc knights
  An iron dragon zombie (Crypt:3)
  5 orc sorcerers
  29 moths of wrath
  41 deep elf magi
  25 ugly things
  A manticore (D:13)
  9 worldbinders
  A moth of wrath (shapeshifter) (Vaults:5)
  A salamander (Depths:4)
  A frost giant zombie (Crypt:3)
  6 elephants
  2 centaur zombies
  An eye of devastation (Slime:5)
  2 molten gargoyles
  6 vault sentinels
  4 stone giant skeletons
  5 guardian serpents
  11 rust devils
  3 black mambas
  6 apocalypse crabs
  3 naga magi
  6 gargoyles
  79 smoke demons
  A titan simulacrum (Abyss:3)
  An ice statue (IceCv)
  A shock serpent skeleton (Crypt:3)
  A rime drake (shapeshifter) (Depths:2)
  11 spiny frogs
  3 kobold demonologists
  A hellion (Pan)
  27 orange demons
  6 komodo dragons
  31 yaktaurs
  24 demonic crawlers
  9 freezing wraiths
  A ghoul skeleton (Depths:2)
  A swamp worm zombie (Crypt:1)
  A red draconian skeleton (Depths:5)
  14 tormentors (Pan)
  9 ice devils
  2 white draconian skeletons
  4 anaconda simulacra (IceCv)
  A purple draconian zombie (Abyss:1)
  A catoblepas zombie (Hell)
  A hydra zombie (Hell)
  46 red devils
  17 ancient zymes
  A human skeleton (Vaults:2)
  12 hellwings
  A golden dragon simulacrum (IceCv)
  10 efreet
  A jumping spider (shapeshifter) (Elf:1)
  A silent spectre (Abyss:3)
  A meliai (shapeshifter) (Abyss:3)
  A merfolk (shapeshifter) (Abyss:3)
  4 elf skeletons
  19 jumping spiders
  12 hornets
  6 trolls
  4 hydra skeletons
  A wind drake (Lair:6)
  4 tyrant leeches
  A shadow dragon simulacrum (Abyss:3)
  2 alligator zombies
  40 saltlings (Desolation)
  9 blink frogs
  A harpy skeleton (Abyss:2)
  29 slime creatures
  5 bog bodies
  51 raiju
  3 hippogriffs
  A snapping turtle (shapeshifter) (Vaults:5)
  A death drake skeleton (Crypt:2)
  2 frost giant simulacra
  2 ettin zombies
  A fire giant simulacrum (Abyss:3)
  13 flying skulls
  A spriggan skeleton (Depths:5)
  2 fire dragon zombies (Crypt:3)
  18 redbacks
  A wyvern (shapeshifter) (Vaults:5)
  6 shadows
  12 tarantellas
  2 dire elephant simulacra (IceCv)
  39 ynoxinuls
  2 spriggans
  8 vampires
  An ice dragon skeleton (Depths:5)
  5 water elementals
  17 wraiths
  4 hogs (D:14)
  4 humans (D:9)
  6 wyverns
  5 fire elementals (Hell)
  A black mamba skeleton (Crypt:3)
  2 fire bats (Abyss:3)
  A yak (shapeshifter) (Depths:3)
  11 yaks
  89 large abominations
  A basilisk (shapeshifter) (Vaults:1)
  14 neqoxecs
  5 golden eyes
  A death yak simulacrum (IceCv)
  5 hungry ghosts
  9 vampire mosquitoes
  5 insubstantial wisps
  22 chaos spawn
  15 two-headed ogre zombies (D:10)
  5 spatial vortices
  6 wargs
  4 nagas
  An iron troll simulacrum (IceCv)
  2 soldier ants (shapeshifter) (Vaults:4)
  An acid dragon (shapeshifter) (Depths:3)
  A spiny frog zombie (Crypt:1)
  2 acid dragons (Vaults:2)
  A soldier ant (D:13)
  8 swamp worms
  Menkaure (D:7)
  A floating eye (Abyss:3)
  2 two-headed ogre skeletons
  4 water moccasins
  5 harpy simulacra
  3 deep troll skeletons
  8 hell hounds (Depths:3)
  A gelid demonspawn skeleton (Crypt:3)
  2 hydra simulacra (IceCv)
  A spiny frog skeleton (Hell)
  5 porcupines
  Duvessa (D:7)
  2 ogre skeletons
  3 swamp drakes
  3 sky beasts
  35 orc warriors
  4 ice beasts
  A black bear (shapeshifter) (Vaults:2)
  A slave (D:7)
  3 alligator simulacra (IceCv)
  A snapping turtle zombie (Crypt:3)
  A black bear (D:9)
  4 boggarts (Depths:4)
  42 ogres
  A tengu (shapeshifter) (Vaults:5)
  A manticore skeleton (Abyss:1)
  4 centaurs
  7 eyes of draining
  3 wolves
  9 crocodiles
  A big kobold (D:9)
  12 bullfrogs
  36 small abominations
  3 earth elementals
  2 yaktaur skeletons
  Dowan (D:7)
  19 scorpions
  A wyvern skeleton (D:14)
  A shapeshifter zombie (Crypt:2)
  A human simulacrum (Vaults:2)
  10 killer bees
  A yak skeleton (Lair:1)
  7 wights
  A troll skeleton (Vaults:2)
  2 howler monkeys
  10 crimson imps
  A basilisk zombie (Crypt:2)
  2 draconian simulacra (IceCv)
  9 quasits
  7 hounds
  3 bullfrog skeletons
  6 jellies
  2 centaur skeletons
  7 orc priests
  4 iguanas
  5 iron imps
  19 orc wizards
  Natasha (thrice) (D:3)
  7 worker ants
  3 troll simulacra (IceCv)
  A wolf simulacrum (IceCv)
  2 hell rats (Lair:2)
  A killer bee zombie (D:6)
  2 spriggan simulacra (IceCv)
  4 centaur simulacra (IceCv)
  An ogre zombie (Crypt:3)
  A hound zombie (D:9)
  2 hound skeletons
  3 naga simulacra (IceCv)
  15 adders
  11 gnolls
  7 river rats (Lair:2)
  2 ogre simulacra (IceCv)
  8 shadow imps
  7 white imps
  18 ufetubi
  4 oozes
  An adder zombie (Crypt:2)
  2 adder skeletons
  An iguana skeleton (D:6)
  2 worms
  A dart slug (D:4)
  7 leopard geckos
  73 orcs
  4 bats
  11 giant cockroaches
  6 goblins
  5 hobgoblins
  21 jackals
  A jackal (shapeshifter) (Vaults:2)
  6 quokkas
  3 ball pythons (D:3)
  A ball python skeleton (Crypt:1)
  8 frilled lizards
  A frilled lizard skeleton (Crypt:2)
  A giant cockroach zombie (D:6)
  3 jackal zombies
  11 kobolds
  A kobold zombie (Crypt:1)
  A leopard gecko skeleton (D:4)
  A leopard gecko zombie (D:3)
  7 orc skeletons
  A quokka skeleton (D:5)
  13 rats
  A crawling corpse (Elf:3)
  A fire vortex (Pan)
  2 fungi
  3 lurking horrors
  3 plants
  19 starspawn tentacles
3071 creatures vanquished.

Vanquished Creatures (collateral kills)
  Cerebov (Pan)
  the Lernaean hydra (Swamp:4)
  The ghost of Ugguttuj the Peltast, a veteran DrWn of Okawaru (Vaults:2)
  2 golden dragons (Depths:5)
  A bone dragon (Depths:5)
  2 liches
  3 tentacled monstrosities (Vaults:5)
  A titan (Vaults:5)
  2 deep elf master archers (Elf:3)
  2 quicksilver dragons
  A deep elf blademaster (Elf:3)
  4 acid blobs
  Gastronok (Lair:1)
  A shadow dragon (Vaults:5)
  A thorn hunter (Swamp:2)
  Kirke (D:14)
  An azure jelly (Slime:5)
  Donald (Swamp:4)
  Roxanne (Swamp:4)
  8 frost giants
  5 tengu reavers
  6 vault wardens
  An orc warlord (Orc:1)
  4 emperor scorpions (Spider:4)
  3 ghost moths (Spider:4)
  3 deep elf sorcerers
  A balrug (Depths:1)
  2 iron dragons (Depths:5)
  5 fire giants
  3 deep elf elementalists
  4 ironheart preservers
  3 draconian annihilators
  17 stone giants
  2 entropy weavers
  15 very ugly things
  43 slime creatures
  4 deep elf demonologists
  A black draconian (Depths:5)
  4 deep elf annihilators (Elf:3)
  2 red draconians (Depths:5)
  A yellow draconian (Depths:5)
  A purple draconian (Zot:1)
  The ghost of Panli the Archer, a journeyman CeAM of Okawaru (Lair:5)
  A crystal guardian (Desolation)
  3 spark wasps
  5 ettins
  2 death oozes (Slime:5)
  A deep elf death mage (Elf:3)
  9 ogre magi
  2 fire dragons (Depths:5)
  4 great orbs of eyes
  5 deep elf high priests
  2 rakshasas
  9 yaktaur captains
  8 vault guards
  2 peacekeepers (Desolation)
  The ghost of H0rd4k the Eclecticist, a journeyman DEWz of Gozag (Lair:5)
  A merfolk avatar (Lair:6)
  A shambling mangrove (Swamp:1)
  6 ice dragons
  14 hydras
  3 centaur warriors
  8 alligators
  31 two-headed ogres
  7 deep troll shamans
  9 dancing weapons (Elf:2)
  3 spriggan berserkers
  4 tengu warriors
  8 deep troll earth magi
  A small abomination (Elf:3)
  An orc high priest (Orc:2)
  5 hell knights
  6 deep elf knights
  6 iron trolls
  A sea snake (Lair:6)
  A skeletal warrior (D:14)
  A salamander mystic (Depths:4)
  7 swamp dragons (Swamp:4)
  2 shadow wraiths
  18 deep trolls
  2 unseen horrors (D:10)
  A wizard (Vaults:3)
  12 deep elf archers
  5 flayed ghosts
  A spriggan druid (Swamp:2)
  A glowing orange brain (Depths:1)
  2 phantasmal warriors
  8 orc knights
  A necromancer (Vaults:5)
  20 deep elf magi
  5 ironbrand convokers
  24 wolf spiders
  3 harpies
  17 orb spiders
  38 ugly things
  4 oklob plants (Lair:4)
  2 orc sorcerers
  A cyclops (Vaults:1)
  4 shining eyes
  3 moths of wrath
  2 salamanders
  2 black mambas
  4 elephants
  A guardian serpent (shapeshifter) (Vaults:3)
  A manticore (Lair:6)
  A torpor snail (Spider:2)
  4 vault sentinels
  A gargoyle (D:12)
  2 rime drakes
  22 yaktaurs
  5 freezing wraiths
  8 spiny frogs
  3 komodo dragons
  13 demonic crawlers
  A hellwing (Depths:1)
  An ice devil (Depths:4)
  A tengu conjurer (D:15)
  15 jumping spiders
  A harpy zombie (Depths:1)
  A red devil (Depths:1)
  4 polar bears (Lair:6)
  3 trolls
  12 hornets
  2 saltlings (Desolation)
  5 tyrant leeches
  2 blink frogs
  A hippogriff (D:7)
  5 bog bodies
  A redback (shapeshifter) (Vaults:5)
  A spriggan (Swamp:4)
  2 shadows
  3 wyverns
  8 yaks
  36 redbacks
  3 hogs (D:14)
  A tarantella (shapeshifter) (Vaults:5)
  21 tarantellas
  A wraith (Vaults:5)
  4 golden eyes (Slime:2)
  A water elemental (Elf:1)
  A hog (shapeshifter) (Vaults:5)
  4 fire elementals
  2 basilisks
  2 hungry ghosts
  8 vampire mosquitoes
  8 swamp worms
  A soldier ant (D:15)
  3 insubstantial wisps (Swamp:3)
  A hydra simulacrum (IceCv)
  An acid dragon (Vaults:2)
  3 wargs
  5 water moccasins
  3 porcupines
  21 orc warriors
  A black bear (Lair:4)
  12 swamp drakes
  An ice beast (D:10)
  A phantom (D:10)
  A tengu (shapeshifter) (Vaults:1)
  A necrophage (D:14)
  6 wolves
  2 eyes of draining
  26 ogres
  3 centaurs (Vaults:3)
  7 crocodiles
  A yaktaur zombie (Vaults:3)
  4 bullfrogs
  A water moccasin skeleton (D:7)
  18 scorpions
  A wight (D:6)
  2 electric eels
  3 hounds (D:13)
  2 jellies
  8 orc wizards
  7 orc priests
  A bullfrog skeleton (D:10)
  An iguana (D:14)
  4 river rats (Lair:2)
  A shadow imp (Depths:2)
  2 white imps
  An ufetubus (IceCv)
  A leopard gecko (D:7)
  38 orcs
  2 kobolds (D:9)
  A bush (Depths:2)
  3 crawling corpses
  56 fungi
  37 plants
1043 creatures vanquished.

Vanquished Creatures (others)
  3 bone dragons
  4 profane servitors
  A balrug (Pan)
  2 draconian shifters (Zot:1)
  7 ghouls
  9 vampire knights
  A white draconian (Zot:1)
  A yellow draconian (Depths:5)
  A spark wasp (Depths:2)
  4 very ugly thing zombies
  A spectral dwarf (Depths:2)
  A spectral elf (Slime:3)
  A quicksilver dragon zombie (Vaults:5)
  4 hell hogs (Pan)
  A titan zombie (Vaults:5)
  A hell knight (Hell)
  A spriggan berserker (Depths:5)
  A deep elf knight (Elf:2)
  6 skeletal warriors
  A sixfirhy (Pan)
  A golden dragon zombie (Depths:5)
  A spark wasp zombie (Spider:4)
  14 flayed ghosts
  A lindwurm (Lair:5)
  12 phantasmal warriors
  A tengu zombie (Vaults:5)
  2 shadow dragon zombies (Vaults:5)
  A frost giant zombie (Depths:3)
  3 wolf spider zombies (Spider:4)
  A necromancer (Hell)
  2 ugly thing zombies
  2 spectral spriggans
  A tengu skeleton (Depths:5)
  3 stone giant zombies
  A fire giant zombie (Depths:2)
  An iron dragon skeleton (Depths:5)
  2 smoke demons
  A black draconian zombie (Depths:5)
  A red draconian zombie (Depths:5)
  An emperor scorpion zombie (Spider:4)
  2 redback zombies (Spider:4)
  An iron troll zombie (Depths:4)
  A swamp worm zombie (Swamp:1)
  A hellwing (Depths:1)
  3 red devils
  An ice devil (Hell)
  A yaktaur skeleton (Vaults:5)
  A harpy zombie (Depths:1)
  2 elf skeletons (Elf:3)
  2 demonic crawler zombies (Spider:4)
  A jumping spider (Spider:2)
  2 fire dragon zombies (Depths:5)
  A jumping spider zombie (Spider:4)
  An ice dragon zombie (Depths:3)
  2 raiju (Abyss:3)
  4 ettin zombies
  2 spriggan zombies (Depths:5)
  3 small abominations (Abyss:3)
  6 flying skulls
  A human skeleton (Desolation)
  15 vampires
  A ynoxinul (Pan)
  3 large abominations (Abyss:3)
  5 wraiths
  A human (shapeshifter) (Depths:2)
  A chaos spawn (Pan)
  15 human zombies
  2 two-headed ogre zombies (Depths:3)
  3 deep troll zombies
  A water moccasin (Lair:5)
  3 spiny frog zombies
  A deep troll skeleton (Depths:4)
  An orb spider zombie (Spider:1)
  2 hornet zombies (Swamp:4)
  12 elf zombies
  2 slaves (D:7)
  A swamp dragon zombie (Swamp:4)
  A necrophage (D:7)
  A blink frog zombie (Lair:4)
  2 vampire mosquito zombies
  10 yaktaur zombies
  A cyclops zombie (Vaults:1)
  A warg zombie (Vaults:2)
  A polar bear zombie (Lair:6)
  A yak zombie (Lair:5)
  3 wights
  A wolf zombie (Lair:3)
  A wolf skeleton (Lair:4)
  A centaur zombie (Vaults:3)
  2 bullfrog skeletons
  A porcupine zombie (Lair:2)
  An acid dragon zombie (Vaults:2)
  4 ogre zombies
  A crocodile skeleton (Lair:6)
  A hound skeleton (D:7)
  A mummy (Lair:2)
  A swamp drake zombie (Swamp:4)
  An adder (D:7)
  A white imp (IceCv)
  An ufetubus (IceCv)
  An adder zombie (D:6)
  2 orcs (D:7)
  A quokka (D:7)
  A leopard gecko zombie (D:6)
  3 orc skeletons
  18 orc zombies
  A quokka skeleton (D:7)
  5 fungi
  19 plants
  27 starspawn tentacles
  2 withered plants (Crypt:3)
329 creatures vanquished.

Grand Total: 4443 creatures vanquished

Notes
Turn   | Place    | Note
-------+----------+-------------------------------------------
     0 | D:1      | Bodigarde the Hill Orc Fighter began the quest for the Orb.
     0 | D:1      | Reached XP level 1. HP: 19/19 MP: 1/1
   236 | D:1      | Reached XP level 2. HP: 27/27 MP: 2/2
   873 | D:1      | Reached XP level 3. HP: 33/33 MP: 3/3
  1625 | D:2      | Found a white marble altar of Elyvilon.
  2298 | D:3      | Reached XP level 4. HP: 40/40 MP: 4/4
  2583 | D:3      | Reached XP level 5. HP: 47/47 MP: 5/5
  2661 | D:3      | Found a basalt altar of Yredelemnul.
  2667 | D:3      | Became a worshipper of Yredelemnul the Dark
  2861 | D:3      | Reached skill level 5 in Axes
  2974 | D:3      | Noticed Natasha
  2984 | D:3      | Killed Natasha
  3117 | D:3      | Found a hazy altar of Hepliaklqana.
  3151 | D:3      | Noticed Natasha
  3163 | D:3      | Killed Natasha
  3163 | D:3      | Reached XP level 6. HP: 53/53 MP: 6/6
  3208 | D:3      | Found a hazy altar of Hepliaklqana.
  3357 | D:3      | Noticed Natasha
  3365 | D:3      | Killed Natasha
  3529 | D:3      | Reached skill level 5 in Fighting
  4011 | D:4      | Reached * piety under Yredelemnul
  4112 | D:4      | Reached XP level 7. HP: 61/61 MP: 7/7
  4142 | D:4      | Found Voothasa's Magic Scroll Shoppe.
  4147 | D:4      | Bought a scroll of blinking for 105 gold pieces
  4242 | D:4      | Found Juli's General Store.
  4345 | D:4      | Found Ithryuzod's Jewellery Boutique.
  4419 | D:4      | Found Nutyn's Gadget Boutique.
  4526 | D:5      | Entered Level 5 of the Dungeon
  4626 | D:5      | Reached skill level 5 in Armour
  4626 | D:5      | Reached skill level 5 in Shields
  4668 | D:5      | Found Qisaanugi's Jewellery Shop.
  5021 | D:5      | Found a shadowy altar of Dithmenos.
  5328 | D:5      | Reached skill level 1 in Invocations
  5328 | D:5      | Reached XP level 8. HP: 67/70 MP: 8/8
  5626 | D:6      | Found a glowing drain.
  5630 | D:6      | Reached ** piety under Yredelemnul
  5655 | Sewer    | Entered a sewer
  6709 | D:7      | Noticed Duvessa
  6709 | D:7      | Noticed Dowan
  6729 | D:7      | Killed Duvessa
  6729 | D:7      | Reached XP level 9. HP: 78/78 MP: 11/11
  6735 | D:7      | Killed Dowan
  6762 | D:7      | Noticed Pikel
  6765 | D:7      | Noticed Menkaure
  6776 | D:7      | Killed Pikel
  6780 | D:7      | Killed Menkaure
  6780 | D:7      | Reached *** piety under Yredelemnul
  7150 | D:7      | Reached skill level 10 in Axes
  7302 | D:7      | Reached skill level 5 in Invocations
  8262 | D:7      | Reached XP level 10. HP: 88/88 MP: 14/14
  8380 | D:8      | Paralysed by a hornet for 3 turns
  8439 | D:8      | Reached **** piety under Yredelemnul
  8847 | D:8      | Found a shadowy altar of Dithmenos.
  9057 | D:3      | Found an opulent altar of Gozag.
  9057 | D:3      | Found a sparkling altar of Nemelex Xobeh.
  9057 | D:3      | Found an iron altar of Okawaru.
  9057 | D:3      | Found a hide-covered altar of Uskayaw.
  9671 | D:9      | Noticed a kobold demonologist
  9684 | D:9      | Noticed an orange demon
  9685 | D:9      | Killed a kobold demonologist
 10259 | D:9      | Found a staircase to the Lair.
 10313 | Lair:1   | Entered Level 1 of the Lair of Beasts
 10320 | Lair:1   | Noticed a spiny frog
 10330 | Lair:1   | Killed a spiny frog
 10414 | D:4      | Bought an uncursed ring of poison resistance for 240 gold
                  | pieces
 10555 | Lair:1   | Noticed a spiny frog
 10565 | Lair:1   | Killed a spiny frog
 10603 | Lair:1   | Noticed a spiny frog
 10610 | Lair:1   | Killed a spiny frog
 10676 | Lair:1   | Noticed a spiny frog
 10683 | Lair:1   | Killed a spiny frog
 10714 | Lair:1   | Noticed Gastronok
 10717 | Lair:1   | Noticed a spiny frog
 10720 | Lair:1   | Reached XP level 11. HP: 72/97 MP: 11/16
 10729 | Lair:1   | Killed Gastronok
 11051 | Lair:1   | Received a gift from Yredelemnul (a mummy)
 11786 | Lair:2   | Found a hole to the Spider Nest.
 11786 | Lair:2   | Noticed an orb spider
 12037 | Lair:2   | Killed an orb spider
 12493 | Lair:3   | Received a gift from Yredelemnul (a wight)
 12809 | Lair:3   | Received a gift from Yredelemnul (3 flying skulls)
 12976 | Lair:3   | Reached skill level 10 in Fighting
 13427 | Lair:4   | Reached XP level 12. HP: 105/106 MP: 18/18
 13562 | Lair:4   | Reached ***** piety under Yredelemnul
 13929 | Lair:4   | Received a gift from Yredelemnul (a wight)
 14524 | Lair:4   | Received a gift from Yredelemnul (a wraith)
 14720 | Lair:4   | Found a staircase to the Swamp.
 15208 | Lair:5   | Found a runed translucent gate.
 15243 | Lair:5   | Reached skill level 15 in Axes
 15348 | Lair:5   | Reached skill level 10 in Shields
 15352 | Lair:5   | Reached skill level 10 in Armour
 15352 | Lair:5   | Reached skill level 10 in Invocations
 15495 | Lair:5   | Found a staircase to the Slime Pits.
 15556 | Lair:5   | Identified a scroll of acquirement
 15890 | Lair:5   | Found a runed translucent gate.
 15891 | Lair:5   | Found a runed translucent gate.
 15893 | Lair:5   | Noticed H0rd4k's ghost (journeyman DEWz)
 15894 | Lair:5   | Noticed Luam's ghost (journeyman OpFi)
 15894 | Lair:5   | Noticed Panli's ghost (journeyman CeAM)
 15933 | Lair:6   | Entered Level 6 of the Lair of Beasts
 15933 | Lair:6   | Noticed a four-headed hydra
 16371 | Lair:6   | Noticed a six-headed hydra
 16382 | Lair:6   | Received a gift from Yredelemnul (3 flying skulls)
 16385 | Lair:6   | Killed a six-headed hydra
 16465 | Lair:6   | Noticed a six-headed hydra
 16470 | Lair:6   | Killed a six-headed hydra
 16532 | Lair:6   | Reached XP level 13. HP: 45/116 MP: 8/20
 16824 | Lair:6   | Received a gift from Yredelemnul (a wraith)
 17466 | D:10     | Entered Level 10 of the Dungeon
 17582 | D:10     | Noticed Urug
 17602 | D:10     | Killed Urug
 18235 | D:10     | Received a gift from Yredelemnul (a wight)
 18306 | D:10     | Noticed Erolcha
 18327 | D:10     | Killed Erolcha
 19065 | D:11     | Noticed Harold
 19074 | D:11     | Killed Harold
 19326 | D:11     | Found a burning altar of Makhleb.
 19357 | D:11     | Received a gift from Yredelemnul (a wraith)
 19860 | D:12     | Received a gift from Yredelemnul (a wraith)
 20336 | D:12     | Noticed Snorg
 20351 | D:12     | Killed Snorg
 20351 | D:12     | Reached XP level 14. HP: 83/126 MP: 4/22
 20499 | D:12     | Found a staircase to the Orcish Mines.
 20580 | D:12     | Found the +2 Maxwell's thermic engine {flame, freeze}
 20591 | D:12     | Noticed Josephine
 20592 | D:12     | Noticed Nergalle
 20618 | D:12     | Killed Josephine
 20619 | D:12     | Killed Nergalle
 21202 | Orc:1    | Entered Level 1 of the Orcish Mines
 21205 | Orc:1    | Received a gift from Yredelemnul (a phantasmal warrior)
 21273 | Orc:1    | Received a gift from Yredelemnul (a phantasmal warrior)
 21294 | Orc:1    | Received a gift from Yredelemnul (a flayed ghost)
 21411 | Orc:1    | Noticed an orc warlord
 21417 | Orc:1    | Killed an orc warlord
 21571 | Orc:1    | Reached ****** piety under Yredelemnul
 21598 | Orc:1    | Received a gift from Yredelemnul (a vampire knight)
 21880 | Orc:2    | Entered Level 2 of the Orcish Mines
 21993 | Orc:2    | Received a gift from Yredelemnul (a wraith)
 22028 | Orc:2    | Found Gaempa Joara's Antique Armour Emporium.
 22028 | Orc:2    | Found Himeoz's Weapon Boutique.
 22031 | Orc:2    | Received a gift from Yredelemnul (a wraith)
 22041 | Orc:2    | Received a gift from Yredelemnul (a flayed ghost)
 22042 | Orc:2    | Found Vampejep's Weapon Shoppe.
 22042 | Orc:2    | Found Naorphen's Assorted Antiques.
 22183 | Orc:2    | Bought a glowing plate armour for 468 gold pieces
 22183 | Orc:2    | Bought an embroidered cloak for 135 gold pieces
 22312 | Orc:2    | Received a gift from Yredelemnul (a ghoul)
 22555 | Orc:2    | Found a staircase to the Elven Halls.
 22599 | Orc:2    | Received a gift from Yredelemnul (a bone dragon)
 22778 | Orc:1    | Found a radiant altar of Vehumet.
 23093 | Swamp:1  | Entered Level 1 of the Swamp
 23105 | Swamp:1  | Reached XP level 15. HP: 120/136 MP: 22/24
 23327 | Swamp:1  | Received a gift from Yredelemnul (a phantasmal warrior)
 24065 | Swamp:2  | Found a frozen archway.
 24077 | IceCv    | Entered an ice cave
 24369 | IceCv    | Got an ancient marble ring
 24370 | IceCv    | Identified the ring "Ziecij" {rF- rCorr Slay+6 Stlth+} (You
                  | found it in an ice cave)
 24874 | IceCv    | Received a gift from Yredelemnul (a ghoul)
 27284 | Swamp:2  | Noticed a thorn hunter
 27295 | Swamp:2  | Killed a thorn hunter
 27769 | Swamp:3  | Received a gift from Yredelemnul (a vampire)
 27900 | Swamp:3  | Noticed Aizul
 27910 | Swamp:3  | Killed Aizul
 27923 | Swamp:3  | Noticed Louise
 27932 | Swamp:3  | Killed Louise
 27932 | Swamp:3  | Enslaved Louise
 28529 | Swamp:3  | Received a gift from Yredelemnul (a flayed ghost)
 28754 | Swamp:4  | Entered Level 4 of the Swamp
 28946 | Swamp:4  | Noticed Donald
 28952 | Swamp:4  | Killed Donald
 29413 | Swamp:4  | Noticed Roxanne
 29430 | Swamp:4  | Killed Roxanne
 29627 | Swamp:4  | Noticed the 27-headed Lernaean hydra
 29636 | Swamp:4  | Received a gift from Yredelemnul (a phantasmal warrior)
 29637 | Swamp:4  | Killed the 26-headed Lernaean hydra
 29637 | Swamp:4  | Reached XP level 16. HP: 111/147 MP: 6/27
 29877 | Swamp:4  | Got a decaying rune of Zot
 30022 | Swamp:4  | Reached skill level 15 in Invocations
 30023 | Swamp:4  | Received a gift from Yredelemnul (a vampire knight)
 30456 | Spider:1 | Entered Level 1 of the Spider Nest
 30693 | Spider:1 | Received a gift from Yredelemnul (a bone dragon)
 30975 | Spider:1 | Got a spiked cloak
 30986 | Spider:1 | Identified the +1 cloak of the Unseen Realm {*Slow rN+ MR++
                  | Slay+2} (You acquired it on level 1 of the Spider Nest)
 31087 | Spider:1 | Reached skill level 15 in Fighting
 31244 | Spider:1 | Received a gift from Yredelemnul (a flayed ghost)
 31266 | Spider:1 | Received a gift from Yredelemnul (a ghoul)
 31307 | Spider:1 | Received a gift from Yredelemnul (a flayed ghost)
 31364 | Spider:1 | Received a gift from Yredelemnul (a profane servitor)
 31932 | Spider:2 | Received a gift from Yredelemnul (a vampire)
 32102 | Spider:2 | Paralysed by a hornet for 1 turns
 32360 | Spider:2 | Received a gift from Yredelemnul (a phantasmal warrior)
 32713 | Spider:2 | Received a gift from Yredelemnul (a phantasmal warrior)
 33611 | Spider:3 | Received a gift from Yredelemnul (a phantasmal warrior)
 33920 | Spider:4 | Entered Level 4 of the Spider Nest
 33937 | Spider:4 | Reached XP level 17. HP: 150/158 MP: 25/28
 34023 | Spider:4 | Reached skill level 15 in Shields
 34024 | Spider:4 | Reached skill level 15 in Armour
 34049 | Spider:4 | Received a gift from Yredelemnul (a flayed ghost)
 35025 | Spider:4 | Got a gossamer rune of Zot
 35146 | Spider:3 | Noticed Agnes
 35151 | Spider:3 | Killed Agnes
 35151 | Spider:3 | Enslaved Agnes
 35809 | D:13     | Found a gate to the Vaults.
 36840 | D:14     | Noticed Kirke
 36851 | D:14     | Killed Kirke
 36905 | D:14     | Received a gift from Yredelemnul (a vampire)
 37392 | D:14     | Noticed Jorgrun
 37401 | D:14     | Killed Jorgrun
 37401 | D:14     | Enslaved Jorgrun
 37489 | D:14     | Received a gift from Yredelemnul (a vampire)
 37763 | D:15     | Entered Level 15 of the Dungeon
 37833 | D:15     | Received a gift from Yredelemnul (a phantasmal warrior)
 38559 | D:15     | Found a staircase to the Depths.
 39079 | Vaults:1 | Entered Level 1 of the Vaults
 39208 | Vaults:1 | Reached XP level 18. HP: 160/171 MP: 26/29
 39219 | Vaults:1 | Received a gift from Yredelemnul (a skeletal warrior)
 39711 | D:4      | Bought a scroll of enchant weapon for 105 gold pieces
 40137 | Lair:5   | Killed Luam's ghost
 40137 | Lair:5   | Killed H0rd4k's ghost
 40138 | Lair:5   | Killed Panli's ghost
 40534 | Vaults:1 | Received a gift from Yredelemnul (a flayed ghost)
 40705 | Vaults:1 | Paralysed by a hornet for 3 turns
 40792 | Vaults:1 | Received a gift from Yredelemnul (a phantasmal warrior)
 41150 | Vaults:1 | Received a gift from Yredelemnul (a vampire)
 41372 | Vaults:1 | Found Xonuov's Antique Armour Boutique.
 41380 | Vaults:1 | Bought a large shield for 90 gold pieces
 41380 | Vaults:1 | Bought a runed scarf for 160 gold pieces
 42225 | Vaults:2 | Received a gift from Yredelemnul (a vampire)
 42367 | Vaults:2 | Found a runed translucent door.
 42367 | Vaults:2 | Noticed Ugguttuj's ghost (veteran DrWn)
 42389 | Vaults:2 | Killed Ugguttuj's ghost
 42481 | Vaults:2 | Received a gift from Yredelemnul (a vampire knight)
 42627 | Vaults:2 | Found Dintel's Book Shoppe.
 43136 | Vaults:2 | Found a staircase to the Crypt.
 43235 | Vaults:2 | Reached XP level 19. HP: 122/183 MP: 20/30
 43426 | Vaults:2 | Received a gift from Yredelemnul (a vampire)
 43953 | Vaults:3 | Found Dekkid's Antique Armour Boutique.
 43953 | Vaults:3 | Noticed a lich
 43965 | Vaults:3 | Killed a lich
 44108 | Vaults:3 | Received a gift from Yredelemnul (a flayed ghost)
 44354 | Vaults:3 | Identified the cursed +1 plate armour "Uwosuin" {rC+++
                  | Str-5 Dex-3 Stlth+} (You found it on level 3 of the Vaults)
 44675 | Vaults:3 | Received a gift from Yredelemnul (a flayed ghost)
 44792 | Vaults:3 | Paralysed by a great orb of eyes for 6 turns
 45492 | Vaults:3 | Received a gift from Yredelemnul (a flayed ghost)
 46606 | Vaults:4 | Noticed a lich
 46620 | Vaults:4 | Killed a lich
 46862 | Vaults:4 | Received a gift from Yredelemnul (a ghoul)
 46964 | Vaults:4 | Found Jarriqonk's Jewellery Shoppe.
 46964 | Vaults:4 | Found Biptoj's Gadget Emporium.
 46967 | Vaults:4 | Bought a +5 amulet of reflection for 947 gold pieces
 46967 | Vaults:4 | Bought the amulet of the Four Winds {rN+ MR+++ Clar} for
                  | 1009 gold pieces
 46967 | Vaults:4 | Found the amulet of the Four Winds {rN+ MR+++ Clar}
 47596 | Vaults:4 | Received a gift from Yredelemnul (a flayed ghost)
 47735 | Vaults:4 | Reached XP level 20. HP: 195/195 MP: 31/31
 47792 | Vaults:4 | Received a gift from Yredelemnul (a vampire knight)
 47995 | Vaults:4 | Found Dog Puukh's Magic Scroll Boutique.
 48003 | Vaults:4 | Found Ihurac's Food Emporium.
 48172 | Vaults:4 | Found Ecegh's Jewellery Emporium.
 48577 | Depths:1 | Entered Level 1 of the Depths
 48620 | Depths:1 | Received a gift from Yredelemnul (a flayed ghost)
 48712 | Depths:1 | Received a gift from Yredelemnul (a flayed ghost)
 49349 | Depths:1 | Found a gateway to Hell.
 49368 | Depths:1 | Received a gift from Yredelemnul (a phantasmal warrior)
 49914 | Depths:1 | Received a gift from Yredelemnul (a ghoul)
 50924 | Depths:2 | Received a gift from Yredelemnul (a vampire)
 50937 | Depths:2 | Found Muusa's Gadget Emporium.
 50937 | Depths:2 | Found Yllunn's Jewellery Shop.
 50983 | Depths:2 | Your ally Jorgrun died
 51026 | Depths:2 | Received a gift from Yredelemnul (a profane servitor)
 51153 | Depths:2 | Received a gift from Yredelemnul (a ghoul)
 51155 | Depths:2 | Reached XP level 21. HP: 136/205 MP: 25/32
 51323 | Depths:2 | Got a spiked large shield
 51324 | Depths:2 | Identified the +0 large shield of a Labyrinth {rElec rF+
                  | Str-4 Stlth+} (You acquired it on level 2 of the Depths)
 51878 | Depths:2 | Found Uridolog's Jewellery Shop.
 51883 | Depths:2 | Bought the ring "Ekkiwui" {Wiz rPois rF+ SInv} for 681 gold
                  | pieces
 52313 | Depths:3 | Received a gift from Yredelemnul (a skeletal warrior)
 52323 | Depths:3 | Received a gift from Yredelemnul (a vampire knight)
 53213 | Depths:3 | Received a gift from Yredelemnul (a skeletal warrior)
 53371 | Depths:3 | Received a gift from Yredelemnul (a vampire)
 53503 | Depths:3 | Found a gateway to a ziggurat.
 53556 | Depths:3 | Identified the Guide on Lucky Slavery
 53797 | Depths:3 | Found a one-way gate leading to the halls of Pandemonium.
 53963 | Depths:3 | Received a gift from Yredelemnul (a vampire knight)
 54743 | Depths:4 | Received a gift from Yredelemnul (a skeletal warrior)
 55311 | Depths:4 | Received a gift from Yredelemnul (a vampire knight)
 55460 | Depths:4 | You fall into a shaft and drop 1 floor!
 55460 | Depths:5 | Entered Level 5 of the Depths
 55464 | Depths:5 | Reached XP level 22. HP: 187/217 MP: 33/33
 55475 | Depths:5 | Noticed a golden dragon
 55490 | Depths:5 | Killed a golden dragon
 55903 | Depths:5 | Received a gift from Yredelemnul (a vampire knight)
 55916 | Depths:5 | Noticed Sojobo
 55918 | Depths:5 | Noticed a golden dragon
 55924 | Depths:5 | Received a gift from Yredelemnul (a skeletal warrior)
 55988 | Depths:5 | Received a gift from Yredelemnul (a ghoul)
 56050 | Depths:5 | Received a gift from Yredelemnul (a phantasmal warrior)
 56063 | Depths:5 | Killed Sojobo
 56308 | Depths:5 | Killed a golden dragon
 56443 | Depths:5 | Found a gate to the Realm of Zot.
 56443 | Depths:5 | Noticed a golden dragon
 56467 | Depths:5 | Killed a golden dragon
 57167 | Vaults:5 | Entered Level 5 of the Vaults
 57572 | Vaults:5 | Reached XP level 23. HP: 199/227 MP: 34/34
 57842 | Vaults:5 | Received a gift from Yredelemnul (a skeletal warrior)
 58451 | Vaults:5 | Received a gift from Yredelemnul (a vampire)
 58585 | Vaults:5 | Identified the amulet of the Thirteen Hells {rN+ MR++
                  | Regen+}
 58623 | Vaults:5 | Received a gift from Yredelemnul (a vampire)
 58783 | Vaults:5 | Noticed an ancient lich
 58788 | Vaults:5 | Identified the +1 whip of the Puffin {holy, Dex+2}
 58793 | Vaults:5 | Killed an ancient lich
 58895 | Vaults:5 | Received a gift from Yredelemnul (a vampire knight)
 59261 | Vaults:5 | Found the +0 staff of Battle
 59801 | Vaults:5 | Noticed an ancient lich
 59812 | Vaults:5 | Killed an ancient lich
 59822 | Vaults:5 | Got a silver rune of Zot
 60352 | Vaults:5 | Received a gift from Yredelemnul (a flayed ghost)
 60418 | Vaults:5 | Got a pair of distressingly furry boots
 60429 | Vaults:5 | Identified the +0 pair of boots of a volcano {Str+2} (You
                  | acquired it on level 5 of the Vaults)
 60519 | Vaults:4 | Bought a scroll of enchant weapon for 97 gold pieces
 60519 | Vaults:4 | Bought a scroll of enchant weapon for 97 gold pieces
 60519 | Vaults:4 | Bought a scroll of enchant weapon for 97 gold pieces
 60718 | Elf:1    | Entered Level 1 of the Elven Halls
 60775 | Elf:1    | Received a gift from Yredelemnul (a phantasmal warrior)
 60830 | Elf:1    | Found Tasutuc's Jewellery Boutique.
 60865 | Elf:1    | Found a ruined gateway.
 60870 | Desolati | Entered the Desolation of Salt
 60903 | Desolati | Received a gift from Yredelemnul (a vampire)
 61036 | Desolati | Received a gift from Yredelemnul (a flayed ghost)
 61125 | Desolati | Reached XP level 24. HP: 203/239 MP: 34/34
 61235 | Desolati | Got a wavering marble ring
 61236 | Desolati | Identified the ring of Equivalence {Int+4 Dex+3 Slay+2}
                  | (You found it in the Desolation of Salt)
 61243 | Desolati | Got a translucent lapis lazuli ring
 61244 | Desolati | Identified the ring of Fiupusm {Wiz SInv} (You found it in
                  | the Desolation of Salt)
 61587 | Desolati | Found the +3 Elemental Staff {rElec rF++ rC++ MR++ AC+5}
 61588 | Desolati | Received a gift from Yredelemnul (a bone dragon)
 61619 | Desolati | Identified the Grimoire of the Nine Deaths
 62009 | Desolati | Identified the Disquisition on Conjuration and Bewitchment
 62065 | Desolati | Identified the Catalogue of Earthen Toxins
 62068 | Desolati | Identified the Disquisition on Spatial Talismans
 62259 | Elf:1    | Found Zuapse's Assorted Antiques.
 62260 | Elf:1    | Found Guocs's Distillery.
 62265 | Elf:1    | Found Vujiczas's Antique Armour Shop.
 62271 | Elf:1    | Bought an embroidered cloak for 165 gold pieces
 62271 | Elf:1    | Bought a pair of glowing gloves for 165 gold pieces
 62704 | Elf:1    | Received a gift from Yredelemnul (a flayed ghost)
 62748 | Elf:1    | Identified Irefah's Guide on Summoning
 63255 | Elf:2    | Received a gift from Yredelemnul (a profane servitor)
 63391 | Elf:2    | Found a runed translucent gate.
 63391 | Elf:2    | Found a runed translucent gate.
 63393 | Elf:2    | Found a runed translucent gate.
 63782 | Elf:2    | Found a portal to a secret trove of treasure.
 63882 | Elf:2    | Received a gift from Yredelemnul (a vampire)
 64081 | Elf:2    | Received a gift from Yredelemnul (a bone dragon)
 64249 | Elf:3    | Entered Level 3 of the Elven Halls
 64356 | Elf:3    | Found Kafus's Armour Shop.
 64655 | Elf:3    | Received a gift from Yredelemnul (a vampire)
 64687 | Elf:3    | Received a gift from Yredelemnul (a vampire)
 65127 | Elf:3    | Identified the Incunabulum of Creation
 65769 | Slime:1  | Entered Level 1 of the Pits of Slime
 66859 | Slime:5  | Entered Level 5 of the Pits of Slime
 67116 | Slime:5  | Gained mutation: Your body sometimes deteriorates upon
                  | taking damage. [a shining eye]
 67268 | Slime:5  | Received a gift from Yredelemnul (a profane servitor)
 67341 | Slime:5  | Noticed the Royal Jelly
 67368 | Slime:5  | Killed the Royal Jelly
 67368 | Slime:5  | Reached XP level 25. HP: 223/250 MP: 34/34
 67865 | Slime:5  | Got a slimy rune of Zot
 68381 | D:4      | Found a staircase to the Ecumenical Temple.
 68389 | Temple   | Entered the Ecumenical Temple
 68506 | Temple   | Fell from the grace of Yredelemnul
 68506 | Temple   | Became a worshipper of the Shining One
 69053 | Crypt:1  | Entered Level 1 of the Crypt
 69131 | Crypt:1  | Noticed Jory
 69142 | Crypt:1  | Reached * piety under the Shining One
 69149 | Crypt:1  | Killed Jory
 69476 | Crypt:1  | Reached ** piety under the Shining One
 69650 | Crypt:1  | Reached *** piety under the Shining One
 69931 | Crypt:2  | Noticed Boris
 69942 | Crypt:2  | Killed Boris
 70011 | Crypt:2  | Reached **** piety under the Shining One
 70219 | Crypt:2  | Reached ***** piety under the Shining One
 70411 | Crypt:2  | Noticed Saint Roka
 70469 | Crypt:2  | Killed Saint Roka
 70895 | Crypt:3  | Entered Level 3 of the Crypt
 71469 | Crypt:3  | Reached ****** piety under the Shining One
 71494 | Crypt:3  | Identified a +9 broad axe of holy wrath (a +9 vampiric
                  | broad axe blessed by the Shining One)
 71494 | Crypt:3  | Received a gift from the Shining One
 71575 | Crypt:3  | Found a staircase to the Tomb.
 72180 | Crypt:3  | Found an ancient bone altar of Kikubaaqudgha.
 72193 | Crypt:3  | Noticed an ancient lich
 72200 | Crypt:3  | Killed an ancient lich
 72200 | Crypt:3  | Reached XP level 26. HP: 261/261 MP: 34/34
 72327 | Crypt:3  | Noticed an ancient lich
 72337 | Crypt:3  | Killed an ancient lich
 72893 | Vaults:5 | Found the +7 pair of quick blades "Gyre" and "Gimble"
                  | {protect}
 72893 | Vaults:5 | Got a wavering bronze ring
 73154 | Pan      | Entered the realm of Cerebov.
 73154 | Pan      | Entered Pandemonium
 73174 | Pan      | Identified the +6 sword of Cerebov {flame}
 73174 | Pan      | Noticed Cerebov
 73361 | Pan      | Was forgiven by Yredelemnul
 73363 | Pan      | Identified the ring "Geedghes" {rCorr Int+3}
 73463 | Pan      | Identified the ring "Buiquh" {+Fly rN+} (You took it off a
                  | vault guard on level 5 of the Vaults)
 74345 | Pan      | Identified the +6 plate armour of Wariness {Int+5 SInv}
 74346 | Pan      | Identified the cursed +2 flail "Enuf" {venom, rElec MR-
                  | Str-5 Int+7}
 74362 | Pan      | Reached skill level 27 in Fighting
 74475 | Pan      | Killed Cerebov
 74896 | Pan      | Got a fiery rune of Zot
 75412 | Pan      | Noticed Kunoef the pandemonium lord
 75425 | Pan      | Killed Kunoef the pandemonium lord
 75682 | Pan      | Reached XP level 27. HP: 269/270 MP: 34/34
 75956 | Pan      | Found an exit through the horrors of the Abyss.
 76236 | Pan      | Took an exit into the Abyss.
 76236 | Abyss:1  | Escaped into the Abyss
 76260 | Depths:3 | Escaped the Abyss
 76357 | Zot:1    | Entered Level 1 of the Realm of Zot
 77954 | Zot:1    | Found the +10 morningstar "Eos" {elec, Halo rElec}
 77975 | Zot:1    | Reached skill level 27 in Armour
 77987 | Zot:1    | Reached skill level 1 in Dodging
 78131 | Zot:1    | Noticed an orb of fire
 78136 | Zot:1    | Gained mutation: Armour fits poorly on your strangely
                  | shaped body. [an orb of fire]
 78149 | Zot:1    | Killed an orb of fire
 78393 | Zot:1    | Identified the ring "Haliefe" {rN++ MR+ Str+2 Dex+3}
 78422 | Zot:1    | HP: 12/273 [purple draconian/bolt of dispelling energy
                  | (46)]
 79571 | Zot:2    | Reached skill level 5 in Dodging
 80708 | Zot:2    | Noticed an orb of fire
 80723 | Zot:2    | Killed an orb of fire
 80801 | Zot:2    | Found a runed translucent gate.
 80801 | Zot:2    | Found a runed translucent gate.
 80802 | Zot:2    | Found a runed translucent gate.
 80804 | Zot:2    | Noticed Veivasch's ghost (veteran CeHu)
 85821 | D:4      | Bought a scroll of enchant armour for 105 gold pieces
 85821 | D:4      | Bought a scroll of enchant armour for 105 gold pieces
 85858 | D:4      | Bought a scroll of enchant armour for 75 gold pieces
 86861 | Depths:3 | Learned a level 1 spell: Apportation
 86865 | Depths:3 | Learned a level 3 spell: Spider Form
 86868 | Depths:3 | Learned a level 2 spell: Blink
 86942 | Depths:2 | Learned a level 2 spell: Swiftness
 86974 | Hell     | Entered the Vestibule of Hell
 86974 | Hell     | Noticed Geryon
 87027 | Hell     | Reached skill level 1 in Translocations
 87029 | Hell     | Reached skill level 1 in Spellcasting
 87098 | Hell     | Killed Geryon
 87261 | Hell     | Found a gateway to the freezing wastes of Cocytus.
 87345 | Hell     | Found a gateway to the decaying netherworld of Tartarus.
 87415 | Hell     | Found a gateway to the ashen valley of Gehenna.
 87513 | Hell     | Found a gateway to the Iron City of Dis.
 87897 | Depths:4 | Found Ceog's Antique Weapon Emporium.
 88338 | Depths:4 | Found a one-way gate to the infinite horrors of the Abyss.
 88443 | Depths:4 | Voluntarily entered the Abyss.
 88520 | Abyss:1  | Reached skill level 1 in Charms
 88525 | Abyss:1  | Found a corrupted altar of Lugonu.
 88538 | Abyss:1  | Reached skill level 1 in Air Magic
 89622 | Abyss:2  | Found a corrupted altar of Lugonu.
 89802 | Abyss:3  | Found a corrupted altar of Lugonu.
 90208 | Abyss:3  | Got an abyssal rune of Zot
 90852 | Abyss:3  | Reached skill level 5 in Translocations
 91263 | Abyss:3  | Reached skill level 5 in Spellcasting
 91306 | Abyss:3  | Paralysed by accursed screaming for 1 turns
 91342 | Abyss:3  | Reached skill level 10 in Dodging
 91378 | Abyss:3  | Reached skill level 5 in Charms
 91437 | Abyss:3  | Gained mutation: Scrolls take you a little longer to read.
                  | [a neqoxec]
 91872 | Abyss:3  | Reached skill level 5 in Air Magic
 91997 | Depths:4 | Escaped the Abyss
 92074 | Pan      | Entered Pandemonium
 93034 | Pan      | Reached skill level 27 in Shields
 93435 | Pan      | Noticed Vezad the pandemonium lord
 93447 | Pan      | Killed Vezad the pandemonium lord
 94421 | Pan      | Got a demonic rune of Zot
 94937 | Pan      | Noticed Apheitt the pandemonium lord
 94958 | Pan      | Killed Apheitt the pandemonium lord
 95243 | Pan      | Found an exit through the horrors of the Abyss.
 96582 | Pan      | Noticed Xom Mim the pandemonium lord
 96620 | Pan      | Killed Xom Mim the pandemonium lord
 97186 | Pan      | Noticed Cooqinn the pandemonium lord
 97199 | Pan      | Gained mutation: You tend to lose your temper in combat. [a
                  | neqoxec]
 97206 | Pan      | Killed Cooqinn the pandemonium lord
 97457 | Pan      | Gained mutation: You are dopey. (Int -2) [a neqoxec]
 97879 | Depths:4 | Escaped Pandemonium
 98849 | Elf:2    | You paid a toll of a +7 demon trident to enter a treasure
                  | trove
 98850 | Trove    | Entered a treasure trove
 99235 | Pan      | Entered Pandemonium
 99255 | Pan      | Noticed Vunoug the pandemonium lord
 99264 | Pan      | Killed Vunoug the pandemonium lord
 99864 | Pan      | Found an exit through the horrors of the Abyss.
100980 | Pan      | Cast into level 2 of the Abyss (reaper)
101473 | Pan      | Escaped the Abyss
101500 | Pan      | Gained mutation: You occasionally shout uncontrollably at
                  | your foes. [a cacodemon]
101558 | Pan      | Found an exit through the horrors of the Abyss.
101758 | Pan      | Gained mutation: You are frail. (-10% HP) [a cacodemon]
101790 | Pan      | Noticed Juibliu the pandemonium lord
102459 | Pan      | Killed Juibliu the pandemonium lord
103800 | Pan      | Found a runed translucent door.
103813 | Pan      | Gained mutation: Your magical capacity is low. (-10% MP) [a
                  | cacodemon]
104568 | Pan      | Gained mutation: You are weak. (Str -2) [a cacodemon]
104571 | Pan      | HP: 12/245 [Brimstone Fiend/damnation (32)]
104632 | Pan      | Killed from afar by a Brimstone Fiend

Levels and vault maps discovered:
D:1:      onia_arrival_larder, layout_basic
D:2:      layout_basic, elyvilon_altar_3
D:3:      minmay_spotlight, layout_basic, nicolae_overflow_hidden_temple,
          overflow_temple_1_default, lemuel_round_altar, first_ration,
          kennysheep_generic_room_14, uniq_natasha
D:4:      layout_rooms, minmay_temple_entry_from_below_b, serial_shops, shop,
          kennysheep_mini_moat, kennysheep_mini, shop, kennysheep_generic_room_3
D:5:      layout_loops_ring, serial_shops, nicolae_shop_crystal, basic_altar
D:6:      layout_rooms, portal_sewer_entry_f, minivault_23,
          minmay_fire_ice_demons
D:7:      layout_loops_ring, uniq_pikel, uniq_menkaure, uniq_duvessa
D:8:      layout_cave_pools, nicolae_dithmenos_through_a_glass_darkly
D:9:      layout_loops_ring, grunt_lair_entry_orc_guard_hut, minmay_ruffians
D:10:     lemuel_ogre_cave, layout_irregular_city, uniq_urug
D:11:     layout_cave_pools, basic_altar, uniq_harold
D:12:     layout_loops_corners, minmay_orc_entry_guard_dogs, the_bakery,
          uniq_josephine, uniq_nergalle, uniq_snorg
D:13:     layout_gridville, david_vaults_5, kb_rosetta
D:14:     layout_irregular_city, hangedman_decor_points, minivault_25_ag,
          uniq_kirke, uniq_jorgrun
D:15:     grunt_enter_depths_hoard, layout_irregular_city,
          chequers_serial_rivers_small_b, pond
Temple:   regret_index_temple_waves
Lair:1:   wander_river, layout_regular_city, grunt_megastairs_4,
          infiniplex_staircase_pool_2, uniq_gastronok
Lair:2:   layout_regular_city, nicolae_spider_entry_orb_guardian,
          kennysheep_rathole
Lair:3:   layout_regular_city, beast_lair_carwin_2
Lair:4:   layout_regular_city, nicolae_swamp_entry_splash_gauntlet,
          grunt_megastairs_1, minmay_lair_oklob_chamber, serial_bayou_shore_b
Lair:5:   layout_concentric_octagons, nicolae_slime_entry_slimehenge,
          gammafunk_ghost_cemetery, cheibrodos_lair_reptile_den
Lair:6:   gammafunk_lair_ancient_temple, layout_big_grid, gauntlet_entry_generic
Swamp:1:  layout_basic_swamp, evilmike_swamp_ruin_house_6
Swamp:2:  layout_basic_swamp, portal_ice_cave_entry_pillars_four,
          hangedman_swamp_cone
Swamp:3:  layout_basic_swamp, evilmike_swamp_ruin_house_2, uniq_aizul,
          uniq_louise
Swamp:4:  swamp_old_school, layout_basic_swamp, swamp_pool4, uniq_roxanne,
          uniq_donald
Spider:1: spiders_nest_a, guppyfry_hornet_nest
Spider:2: cheibrodos_forgotten_conduit, worms_lemuel
Spider:3: layout_spider_delve, guppyfry_spider_mini_2,
          nicolae_spider_cling_halls, uniq_agnes
Spider:4: guppyfry_spider_rune, nicolae_spider_shape
Slime:1:  layout_caves
Slime:2:  layout_caves, basic_altar
Slime:3:  layout_caves
Slime:4:  layout_caves
Slime:5
Orc:1:    cheibrodos_orc_arena, layout_diamond_mine, basic_altar
Orc:2:    st_orc_ogre_mass, layout_caves
Elf:1:    layout_gridlike, portal_desolation_entry_ruin, minmay_elf_demonology,
          grunt_megastairs_3, minmay_shoptagon
Elf:2:    layout_onion_city, enter_trove_3, grunt_ministairs_8
Elf:3:    minmay_elf_hall_quartered_circle, layout_geoelf_castle, serial_shops,
          nicolae_shop_crystal
Vaults:1: grunt_vaults_funnel, ontoclasm_vaults_ring_square, v_alt_pattern_1,
          ontoclasm_vaults_shout, v_misc_4, vaults_room_door_hall,
          ontoclasm_vaults_eye, layout_vaults_omnigrid, serial_shops, shop
Vaults:2: gammafunk_vaults_ghost_grave, st_octagons_1, ontoclasm_vaults_pinch,
          ontoclasm_vaults_shuriken, ontoclasm_vaults_chip,
          ontoclasm_vaults_ligature, ontoclasm_vaults_bender, vaults_mumra_lcd,
          nicolae_vaults_puzzle_piece, nicolae_vaults_asterisk,
          layout_vaults_chaotic_city, serial_shops, shop
Vaults:3: v_pattern_3, v_misc_27, vaults_dpeg_ring,
          nicolae_vaults_little_squares_1, vaults_room_guarded_vault,
          ontoclasm_vaults_decontamination, v_misc_14,
          nicolae_vaults_big_angled_halls, hangedman_vaults_stretched_pinwheel,
          ontoclasm_vaults_claustrophobia, v_misc_23,
          nicolae_vaults_network_periphery, v_misc_13, layout_vaults_maze_bifur,
          serial_shops, shop
Vaults:4: ontoclasm_vaults_loading_screen, v_pattern_1,
          nicolae_vaults_quartermaster, nicolae_vaults_specimen_jars, v_misc_25,
          vaults_mumra_minichess, v_misc_14, hangedman_vaults_maws,
          grunt_vaults_hallway_short, vaults_dpeg_doors, layout_vaults_ring,
          serial_shops, shop_scrolls, shop, nicolae_shop_behind_doors, shop,
          nicolae_shop_crystal
Vaults:5
Crypt:1:  layout_rooms, minmay_misc_feat_rows, nicolae_crypt_soggy_tomb,
          grunt_crypt_arrival_webbed, uniq_jory
Crypt:2:  layout_gridlike, uniq_saint_roka, uniq_boris
Crypt:3:  quadcrypt_mu
Depths:1: layout_basic, hellmouth_1, hangedman_abyss_or_decor_passed,
          minmay_curled_crystal, grunt_ministairs_11,
          minmay_misc_feat_nine_boxes, kennysheep_donut, kennysheep_minor_cross,
          minmay_misc_feat_diagonals, hangedman_aviary, serial_bayou_shore_b
Depths:2: hangedman_cross_stitches, layout_basic, kennysheep_big_empty_room,
          hangedman_tar_grid_catacomb, grunt_ministairs_1, minmay_shop_grove
Depths:3: minmay_big_diamond_grid, layout_gridlike, enter_ziggurat_f,
          minmay_misc_feat_plants, pan_entry, grunt_hell_horde,
          nicolae_lava_and_water
Depths:4: lemuel_flame_loot_2, layout_gridlike, hell_entry, serial_shops, shop,
          abyss_entry, grunt_pan_entry_zigzag
Depths:5: grunt_x_marks_the_spot, layout_cave_pools,
          chequers_serial_rivers_micro_a, hell_entry, st_stairs_1, uniq_sojobo
Hell
Zot:1:    cheibrodos_zot_enchanting_chambers, layout_gridlike, st_stairs_9,
          grunt_ministairs_6, zot_minivault_8
Zot:2:    layout_gridlike, gammafunk_ghost_split
Zot:3:    layout_gridlike
Zot:4:    layout_gridlike
Pan:      cerebov_grunt_fire_and_steel, layout_basic, nicolae_pan_door_chamber,
          layout_pan_divisions_a [pan_division_quadrant_a3,
          pan_division_quadrant_a5, pan_division_quadrant_a6,
          pan_division_quadrant_a3, pan_division_octagon_halves],
          nicolae_pan_sick_transit, pan_surprise, pan_captured_pigsty,
          lemuel_hall_of_pain, layout_grid_shapes, grunt_pan_sceptre,
          layout_onion_city, evilmike_mini_pan_branches, layout_basic,
          pan_blood_fountain, evilmike_mini_pan_3x3, layout_gridlike,
          pan_blood_fountain_2, nicolae_pan_door_chamber, layout_chambers,
          pan_blood_fountain_small, regret_index_pan_draining_boxed,
          layout_irregular_city

Skill      XL: |  1  2  3  4  5  6  7  8  9 10 11 12 13 14 15 16 17 18 19 20 21 22 23 24 25 26 27 |
---------------+----------------------------------------------------------------------------------+-----
Axes           | 3 4 5 6 7 9 11 12 14 15 17 18 25 | 25.9
Fighting       | 4 5 6 7 9 10 11 12 13 14 15 17 19 20 21 22 23 24 25 26 27 | 27.0
Shields        | 4 5 6 7 8 9 10 11 12 13 14 15 16 18 19 20 21 22 23 24 27 | 27.0
Armour         | 4 5 6 7 8 9 10 11 12 13 14 16 18 19 20 21 22 23 24 25 27 | 27.0
Invocations    | 1 3 5 7 9 10 11 13 14 15 23 | 23.9
Dodging        | 14 | 14.7
Translocations | 6 |  6.4
Spellcasting   | 5 |  5.9
Charms         | 6 |  6.1
Air Magic      | 5 |  5.5

Action                   |  1- 3 |  4- 6 |  7- 9 | 10-12 | 13-15 | 16-18 | 19-21 | 22-24 | 25-27 || total
-------------------------+-------+-------+-------+-------+-------+-------+-------+-------+-------++-------
Melee: War axe           |   135 |   220 |    19 |       |       |       |       |       |       ||   374
       Broad axe         |       |       |   408 |   508 |   984 |   829 |   977 |  1101 |  4660 ||  9467
       Flail             |       |       |       |     6 |     3 |       |       |       |       ||     9
       Hand axe          |       |       |       |       |       |       |       |       |    30 ||    30
Throw: Dart              |     1 |     6 |     1 |       |       |       |       |       |       ||     8
       Boomerang         |       |       |       |    12 |    18 |       |       |     1 |    18 ||    49
Invok: Animate Remains   |       |       |    11 |       |       |       |       |       |       ||    11
       Animate Dead      |       |       |     6 |    44 |    61 |    78 |    77 |    81 |       ||   347
       Recall Undead Sla |       |       |       |     5 |    15 |    22 |    17 |    19 |       ||    78
       Drain Life        |       |       |       |     1 |     4 |     1 |     5 |    13 |       ||    24
       Enslave Soul      |       |       |       |       |     2 |     9 |       |     2 |       ||    13
       Cleansing Flame   |       |       |       |       |       |       |       |       |    21 ||    21
       Divine Shield     |       |       |       |       |       |       |       |       |    15 ||    15
       Brand Weapon With |       |       |       |       |       |       |       |       |     1 ||     1
       Summon Divine War |       |       |       |       |       |       |       |       |     5 ||     5
 Abil: Evoke Flight      |       |       |       |       |       |       |     2 |       |     4 ||     6
       Stop Flying       |       |       |       |       |       |       |     2 |       |     2 ||     4
Evoke: Wand              |       |       |       |     1 |       |       |       |       |     2 ||     3
       Lamp of fire      |       |       |       |     1 |       |       |       |       |     1 ||     2
       Phial of floods   |       |       |       |       |       |       |       |       |     1 ||     1
  Use: Scroll            |     8 |     1 |    12 |    11 |    10 |     9 |    10 |    23 |    29 ||   113
       Potion            |       |     2 |     1 |     1 |       |     1 |     1 |     2 |    16 ||    24
 Stab: Distracted        |       |       |       |     5 |     9 |    22 |    12 |    17 |       ||    65
       Paralysed         |       |       |       |       |     1 |     6 |     1 |     3 |       ||    11
       Held in net/web   |       |       |       |       |       |     1 |       |       |       ||     1
       Sleeping          |       |       |       |       |       |       |       |     1 |       ||     1
  Eat: Chunk             |     4 |     7 |    17 |    20 |    42 |    34 |    46 |    43 |    52 ||   265
       Ration            |       |       |     1 |     8 |     8 |    14 |     7 |     9 |    22 ||    69
Armor: Scale mail        |    38 |       |       |       |       |       |       |       |       ||    38
       Chain mail        |    16 |   132 |   189 |       |       |       |       |       |       ||   337
       Plate armour      |       |       |    85 |   252 |   484 |   388 |       |       |       ||  1209
       Storm dragon scal |       |       |       |       |       |    74 |   222 |   313 |   492 ||  1101
       Gold dragon scale |       |       |       |       |       |       |       |       |   793 ||   793
Dodge: Dodged            |    33 |    55 |    81 |    96 |   167 |   205 |   133 |   111 |   705 ||  1586
Block: Shield            |    58 |   134 |   218 |   262 |   484 |   457 |       |       |       ||  1613
       Large shield      |       |       |       |       |       |    78 |   745 |   900 |  4213 ||  5936
